 Dungeon Crawl Stone Soup version 0.23.2-40-g277498a001 (webtiles) character file.

Game seed: 10419944187592087436

230 Emblim88 the Ruffian (level 5, -10/53 HPs)
             Began as a Troll Berserker on Oct 4, 2019.
             Was a Priest of Trog.
             Mangled by an ogre
             ... wielding a +0 giant club
              (14 damage)
             ... on level 5 of the Dungeon.
             The game lasted 00:04:22 (2050 turns).

Emblim88 the Ruffian (Troll Berserker)              Turns: 2050, Time: 00:04:22

Health: -10/53     AC:  6    Str: 26    XL:     5   Next: 72%
Magic:  4/4        EV: 11    Int:  3    God:    Trog [***...]
Gold:   141        SH:  0    Dex:  9    Spells: 4/4 levels left

rFire    . . .     SeeInvis .     - Unarmed
rCold    . . .     Gourm    +   (no shield)
rNeg     . . .     Faith    .   a - +0 animal skin
rPois    .         Spirit   .   (helmet restricted)
rElec    .         Reflect  .   (no cloak)
rCorr    .         Harm     .   (gloves unavailable)
MR       .....                  (boots unavailable)
Stlth    +.........             f - amulet of magic regeneration
HPRegen  0.57/turn              (no ring)
MPRegen  0.34/turn              (no ring)

@: lethally poisoned (-10 -> -10)
A: large, unfitting armour, claws 3, fast metabolism 3, gourmand, regeneration
1, shaggy fur 1, tough skin 3
a: Berserk, Trog's Hand, Renounce Religion


You were on level 5 of the Dungeon.
You worshipped Trog.
Trog was most pleased with you.
You were very full.

You visited 1 branch of the dungeon, and saw 5 of its levels.

You collected 141 gold pieces.

Inventory:

Armour
 a - a +0 animal skin (worn)
Jewellery
 f - an amulet of magic regeneration (around neck)
Scrolls
 c - 2 scrolls of enchant weapon {unknown}
 g - a scroll of identify {unknown}
 h - 2 scrolls of remove curse {unknown}
Potions
 d - a potion of curing
 e - a potion of brilliance {unknown}
 j - a potion of heal wounds {unknown}
Comestibles
 b - 7 rations


   Skills:
 + Level 3.6 Fighting
 + Level 3.6 Dodging
 + Level 4.5 Unarmed Combat


You had 4 spell levels left.
You didn't know any spells.
Your spell library was empty.

Dungeon Overview and Level Annotations

Branches:
Dungeon (6/15)
 Temple: D:4-7

Altars:


Innate Abilities, Weirdness & Mutations

You are too large for most types of armour.
You have claws for hands.
Your metabolism is lightning-fast.
You like to eat raw meat.
Your natural rate of healing is unusually fast.
You are covered in fur. (AC +1)
You have extremely tough skin. (AC +3)


Message History

The orc wizard flickers and vanishes!
Deactivating autopickup; reactivate with Ctrl-A.
The orc hits you.
* * * LOW HITPOINT WARNING * * *
It was a potion of curing.
You feel better. The adder misses you. The orc hits you.
* * * LOW HITPOINT WARNING * * *
The orc priest looks encouraged for a moment.
The adder bites you.
* * * LOW HITPOINT WARNING * * *
You are poisoned.
The adder poisons you!
You feel sick.
You feel sick. The adder bites you but does no damage.
The gnoll shouts!
The orc priest closely misses you. The adder bites you.
* * * LOW HITPOINT WARNING * * *
You feel sick. Something hits you but does no damage.
The ogre hits you with a +0 giant club!
You die...

.#...#... .......%.
... #........ ...
#.......# #..
#.......# ..
.......##.#
###.##.g.o#.# .
####..@.##go...## o...
#..##SOo##.#o...#.....
#..o.o...#.#ooo...o...
#.....#..gg....#o.....
###o####..###J.##.....
#..o.o#....##...#..##
##....o........o...#
####.#.($###......###
. ####...##..#...#.##.


You could see an ogre, an orc priest, 2 gnolls, an adder and 4 orcs.

Vanquished Creatures
  A scorpion (D:6)
  A hound (D:2)
  Robin (D:2)
  4 gnolls (D:2)
  2 adders (D:2)
  An ooze (D:1)
  2 worms (D:2)
  2 dart slugs
  7 leopard geckos
  4 bats
  2 giant cockroaches
  12 goblins
  4 hobgoblins (D:2)
  6 jackals
  4 frilled lizards
  8 kobolds
  8 rats
69 creatures vanquished.

Notes
Turn   | Place    | Note
-------+----------+-------------------------------------------
     0 | D:1      | Emblim88 the Troll Berserker began the quest for the Orb.
     0 | D:1      | Reached XP level 1. HP: 22/22 MP: 0/0
   116 | D:1      | Reached XP level 2. HP: 29/29 MP: 1/1
   515 | D:1      | Reached XP level 3. HP: 33/36 MP: 2/2
   527 | D:1      | Reached ** piety under Trog
  1029 | D:2      | Noticed Robin
  1053 | D:2      | Killed Robin
  1214 | D:2      | Reached XP level 4. HP: 24/45 MP: 3/3
  1222 | D:2      | Reached skill level 4 in Unarmed Combat
  1497 | D:2      | Reached XP level 5. HP: 47/53 MP: 4/4
  1500 | D:2      | Reached *** piety under Trog
  1951 | D:3      | You fall through a shaft for 3 floors!
  1989 | D:6      | Noticed an ogre
  2020 | D:5      | Entered Level 5 of the Dungeon
  2037 | D:5      | HP: 2/53 [adder (2)]
  2050 | D:5      | Mangled by an ogre

Skill      XL: |  1  2  3  4 |
---------------+-------------+-----
Dodging        | 3 |  3.6
Fighting       | 3 |  3.6
Unarmed Combat | 4 |  4.5

Action                   |  1- 3 |  4- 6 || total
-------------------------+-------+-------++-------
Melee: Unarmed           |   106 |    81 ||   187
       Punch             |     1 |       ||     1
Invok: Berserk           |       |     1 ||     1
  Use: Potion            |       |     1 ||     1
 Stab: Sleeping          |     2 |       ||     2
  Eat: Chunk             |    17 |     8 ||    25
Armor: Animal skin       |    37 |    37 ||    74
Dodge: Dodged            |    55 |    58 ||   113
